 Dungeon Crawl Stone Soup version 0.31.0-11-ge490571c62 (webtiles) character file.

Game seed: 16583052048094104499

2667 firemarshallily the Grappler (level 9, -5/92 HPs)
             Began as a Troll Gladiator on Feb 6, 2024.
             Was a Believer of Elyvilon.
             Killed from afar by an electric eel (10 damage)
             ... with a bolt of electricity
             ... on level 7 of the Dungeon.
             The game lasted 00:17:31 (5081 turns).

firemarshallily the Grappler (Troll Gladiator)      Turns: 5081, Time: 00:17:32

Health: -5/92      AC:  7    Str: 28    XL:     9   Next: 37%
Magic:  8/8        EV: 11    Int:  4    God:    Elyvilon [**....]
Gold:   107        SH:  0    Dex: 17    Spells: 8/8 levels left

rFire   + .          .
                       - Unarmed
rCold   + . .        (no shield)
rNeg    . . .        e - +2 robe {rC+ rF+}
rPois   .            b - +0 hat
rElec   .            t - +0 cloak
rCorr   .            (gloves unavailable)
SInv    .            (boots unavailable)
Will    +....        (no amulet)
Stlth   ++           m - ring of willpower
HPRegen 1.15/turn    u - +6 ring of dexterity
MPRegen 0.11/turn

%: no passive effects
@: about to teleport
A: large, unfitting armour, claws 3, regeneration 1, shaggy fur 1, tough skin 1
a: Renounce Religion, Purification, Heal Other


You were on level 7 of the Dungeon.
You worshipped Elyvilon.
Elyvilon was pleased with you.
You visited 2 branches of the dungeon, and saw 8 of its levels.

You collected 197 gold pieces.
You spent 90 gold pieces at shops.

Inventory:

Missiles
 c - 2 throwing nets (quivered)
 p - 4 datura-tipped darts
Armour
 b - a +0 hat (worn)
 e - a +2 robe of resistance (worn)
 t - a +0 cloak (worn)
Jewellery
 m - a ring of willpower (left claw)
 u - a +6 ring of dexterity (right claw)
Talismans
 d - a blade talisman
Scrolls
 h - 3 scrolls of identify {unknown}
 k - a scroll of enchant weapon {unknown}
 n - a scroll of immolation {unknown}
 o - 2 scrolls of vulnerability {unknown}
 s - 2 scrolls of teleportation
 v - a scroll of silence
 w - a scroll of amnesia {unknown}
Potions
 a - a potion of degeneration {unknown}
 f - a potion of haste
 g - a potion of invisibility {unknown}
 i - 2 potions of heal wounds {unknown}
 j - a potion of curing
 l - a potion of ambrosia
 q - a potion of attraction {unknown}
 r - a potion of resistance {unknown}


   Skills:
 * Level 6.9 Fighting
 - Level 1.7 Throwing
 - Level 3.6 Dodging
 * Level 8.7 Unarmed Combat
 + Level 4.1 Shapeshifting


You had 8 spell levels left.
You didn't know any spells.
Your spell library contained the following spells:

 Spells                   Type           Power      Damage    Failure   Level
 Lesser Beckoning         Tloc           0%         N/A       65%         2
 Call Canine Familiar     Summ           0%         N/A       86%         3
 Gell's Gravitas          Tloc           0%         N/A       86%         3
 Ozocubu's Armour         Ice            0%         N/A       86%         3
 Sigil of Binding         Hex            0%         N/A       86%         3
 Teleport Other           Tloc           0%         N/A       86%         3
 Dimensional Bullseye     Hex/Tloc       0%         N/A       99%         4
 Metabolic Englaciation   Hex/Ice        0%         N/A       100%        5
 Sculpt Simulacrum        Ice/Alch       0%         N/A       100%        6


Dungeon Overview and Level Annotations

Branches:
Dungeon (7/15)             Temple (1/1) D:5

Altars:
Ashenzari
Cheibriados
Dithmenos
Elyvilon
Fedhas
Gozag
Hepliaklqana
Kikubaaqudgha
Makhleb
Nemelex Xobeh
Okawaru
Qazlal
Ru
Sif Muna
Trog
Uskayaw
Vehumet
Wu Jian
Xom
Yredelemnul
Zin
The Shining One

Shops:
D:1 [

Annotations:
D:4 3 runed translucent doors, Menkaure; mitya21's ghost, amateur OpSh


Innate Abilities, Weirdness & Mutations

You are too large for most types of armour.
You have claws for hands.
Your natural rate of healing is unusually fast.
You are covered in fur. (AC +1)
You have tough skin. (AC +1)


Message History

You kill the hornet!
You feel extremely sick.
The electric eel shoots out a bolt of lightning at you!
The bolt of electricity hits you!
Unknown command.
You feel extremely sick.
You enter the shallow water.
You feel very sick.
The electric eel shoots out a bolt of lightning at you!
The bolt of electricity hits you.
The electric eel shoots out a bolt of lightning at you!
The bolt of electricity hits you!
* * * LOW HITPOINT WARNING * * *
You feel very sick.
The electric eel shoots out a bolt of lightning at you!
The bolt of electricity hits you.
* * * LOW HITPOINT WARNING * * *
The electric eel shoots out a bolt of lightning at you!
The bolt of electricity hits you!
* * * LOW HITPOINT WARNING * * *
You feel better.
The electric eel shoots out a bolt of lightning at you!
The bolt of electricity hits you!
* * * LOW HITPOINT WARNING * * *
The electric eel shoots out a bolt of lightning at you!
The bolt of electricity hits you!
* * * LOW HITPOINT WARNING * * *
The electric eel shoots out a bolt of lightning at you!
The bolt of electricity hits you. Elyvilon protects you from harm!
Okay, then.
As you read the scroll labelled JIVVAN TAUMU, it crumbles to dust.
You feel strangely unstable.
It was a scroll of teleportation.
You feel yourself speed up.
The electric eel shoots out a bolt of lightning at you!
The bolt of electricity hits you.
* * * LOW HITPOINT WARNING * * *
The electric eel shoots out a bolt of lightning at you!
The bolt of electricity hits you!
You die...

...~#~~≈~)<.~≈≈~~~.
#######.~≈#~≈≈~)!.~~~~≈≈~
........~~~~≈S~#.~S≈≈≈#~~.#
.........~#≈≈≈≈≈.†~≈≈≈~#..#
..........~≈≈≈:~..≈≈≈#~...#
.....[....~~≈~≈<.<≈≈≈≈~...#
...........†≈~~~~~≈≈~~)...#
.............≈≈≈~≈≈~......#
####.....#..##~~@~~#.......
...#.....#...........#...
...#.....#...........# ..
...#.....#...........# .
...#.....#...........#
...#.....#.....=.....#
#'##.....###+####....#
................#....##
................#..^..#


You could see 2 electric eels.

Vanquished Creatures
  Pikel (D:6)
  A hornet (D:7)
  2 water moccasins
  2 ice beasts (D:6)
  An ogre (D:6)
  2 centaurs (D:5)
  A lemure (D:5)
  2 phantoms
  A bullfrog (D:6)
  Blork the orc (D:6)
  3 scorpions
  A killer bee (D:7)
  3 electric eels (D:7)
  2 bombardier beetles
  Crazy Yiuf (D:6)
  A gnoll bouda (D:4)
  A jelly (D:4)
  An orc priest (D:4)
  A hound (D:6)
  A sleepcap (D:5)
  Terence (D:2)
  8 iguanas
  An orc wizard (D:4)
  15 gnolls
  4 adders
  2 white imps
  4 ufetubi
  6 dart slugs
  4 orcs
  4 bats
  8 endoplasms
  A giant cockroach (D:1)
  4 goblins
  A hobgoblin (D:2)
  4 quokkas
  8 ball pythons
  3 frilled lizards
  4 kobolds
  5 rats
116 creatures vanquished.

Vanquished Creatures (others)
  3 dart slugs (D:7)
3 creatures vanquished.

Grand Total: 119 creatures vanquished

Notes
Turn   | Place    | Note
-------+----------+-------------------------------------------
     0 | D:1      | firemarshallily the Troll Gladiator began the quest for the
                  | Orb.
     0 | D:1      | Reached XP level 1. HP: 19/19 MP: 0/0
   184 | D:1      | Reached XP level 2. HP: 28/28 MP: 1/1
   226 | D:1      | Found Tyteg's Antique Armour Boutique.
   409 | D:2      | Found a hazy altar of Hepliaklqana.
   411 | D:2      | Found a faded altar of an unknown god.
   447 | D:2      | Reached XP level 3. HP: 16/35 MP: 2/2
   511 | D:2      | Noticed Terence
   522 | D:2      | Killed Terence
   523 | D:2      | Reached XP level 4. HP: 44/44 MP: 3/3
   721 | D:2      | Reached skill level 4 in Unarmed Combat
  1802 | D:4      | Reached XP level 5. HP: 4/53 MP: 4/4
  1955 | D:4      | Identified the +1 ring mail of Grace {rF+ rC+ Will+ Stlth+}
  1971 | D:4      | Reached XP level 6. HP: 61/61 MP: 5/5
  2085 | D:3      | Reached skill level 5 in Unarmed Combat
  2295 | D:4      | Found a runed translucent gate.
  2296 | D:4      | Found a runed translucent gate.
  2297 | D:4      | Found a runed translucent gate.
  2328 | D:4      | Noticed mitya21's ghost (amateur OpSh)
  2476 | D:4      | Noticed Menkaure
  2579 | D:5      | Entered Level 5 of the Dungeon
  2671 | D:5      | Found a staircase to the Ecumenical Temple.
  2689 | Temple   | Entered the Ecumenical Temple
  2701 | Temple   | Became a worshipper of Elyvilon the Healer
  2744 | D:5      | Reached XP level 7. HP: 68/70 MP: 6/6
  2782 | D:5      | Reached skill level 1 in Shapeshifting
  2909 | D:5      | Reached skill level 6 in Unarmed Combat
  3575 | D:1      | Bought a cloak for 90 gold pieces
  3652 | D:6      | Noticed Pikel
  3679 | D:6      | Killed Pikel
  3680 | D:6      | Reached skill level 5 in Fighting
  3680 | D:6      | Reached skill level 7 in Unarmed Combat
  3680 | D:6      | Reached XP level 8. HP: 39/81 MP: 7/7
  3742 | D:6      | Reached * piety under Elyvilon
  4028 | D:6      | Noticed Blork the orc
  4033 | D:6      | Killed Blork the orc
  4086 | D:6      | Found a runed translucent door.
  4087 | D:6      | Noticed Crazy Yiuf
  4095 | D:6      | Killed Crazy Yiuf
  4125 | D:6      | Reached skill level 8 in Unarmed Combat
  4125 | D:6      | Reached XP level 9. HP: 91/91 MP: 8/8
  4447 | D:6      | Found a faded altar of an unknown god.
  4447 | D:6      | Found an ornate altar of the Wu Jian Council.
  4455 | D:6      | Found a stormy altar of Qazlal.
  4457 | D:6      | Found a sacrificial altar of Ru.
  4459 | D:6      | Found a radiant altar of Vehumet.
  4782 | D:7      | Reached ** piety under Elyvilon
  5071 | D:7      | Paralysed by a hornet for 3 turns
  5079 | D:7      | Elyvilon protects you from harm!
  5081 | D:7      | Killed from afar by an electric eel

Illustrated notes

Levels and vault maps discovered:
D:1:      minmay_arrival_checkered_box, layout_rooms, serial_shops,
          nicolae_square_shop
D:2:      layout_loops_cross, basic_altar, basic_ecumenical_altar, uniq_terence
D:3:      layout_basic
D:4:      layout_basic, gammafunk_ghost_necromancy, amethyst_killhole,
          nicolae_grassy_gnolls, uniq_menkaure
D:5:      layout_loops_corners, minmay_temple_entry_sparse_star
D:6:      layout_cave_pods, chequers_temple_overflow_minitemple,
          uniq_crazy_yiuf_cottage, uniq_blork_the_orc, uniq_pikel
D:7:      kennysheep_slugbush, layout_gridville, kennysheep_generic_room_11
Temple:   mainiacjoe_temple_coin_purse

Skill      XL: |  1  2  3  4  5  6  7  8  9 |
---------------+----------------------------+-----
Fighting       | 2 3 4 5 6 |  6.9
Unarmed Combat | 4 5 7 8 |  8.7
Dodging        | 3 |  3.6
Shapeshifting  | 2 3 4 |  4.1
Throwing       | |  1.7

Action                     |  1- 3 |  4- 6 |  7- 9 || total
---------------------------+-------+-------+-------++-------
  Melee: Unarmed           |    47 |   160 |   135 ||   342
         Punch             |       |     6 |     6 ||    12
  Throw: Large rock        |     2 |     1 |       ||     3
         Throwing net      |     2 |       |     1 ||     3
         Dart              |       |       |     4 ||     4
    Use: Scroll            |       |     3 |     1 ||     4
         Potion            |       |     3 |     1 ||     4
   Stab: Sleeping          |     1 |       |       ||     1
 Armour: Robe              |    27 |   145 |   137 ||   309
  Dodge: Dodged            |    14 |    90 |    65 ||   169
